[Event "Chinese League Division-A 2024"]
[Site "Fuling Chongqing"]
[Date "2024.07.04"]
[Round "8.15"]
[White "Zhang, Lanlin"]
[Black "Lu, Miaoyi"]
[Result "1/2-1/2"]
[ECO "C56"]
[WhiteElo "2161"]
[BlackElo "2449"]
[Annotator "TA"]
[PlyCount "126"]
[EventDate "2024.06.28"]
[EventType "team-tourn"]
[EventCountry "CHN"]
[SourceTitle "playchess.com"]
[Source "ChessBase"]
[SourceQuality "1"]
[TimeControl "40/5400+30:1800+30"]

1. e4 e5 2. Nf3 Nc6 3. d4 exd4 4. Bc4 Nf6 5. O-O Nxe4 6. Re1 d5 7. Bxd5 Qxd5 8. Nc3 Qd7 9. Rxe4+ Be7 10. Nxd4 f5 11. Rf4 O-O 12. Nxc6 Qxc6 13. Nd5 Bd6 14. Rd4 Be6 15. c4 Rf7 16. Bf4 Bf8 17. Qd2 Rd7 18. Rd1 Rad8 19. Bg5 Re8 20. Bf4 Red8 21. Bg5 Re8 22. Bf4 h6 (22... Bxd5 $15 23. cxd5 Qb5) 23. h4 Red8 24. Bxh6 (24. b3 {simplifies} Bc5 25. Rd3 Bxd5 26. Rxd5 Rxd5 27. cxd5 Qd7 28. Qc2) 24... Bc5 (24... Bxd5 $1 $11 {keeps the balance.} 25. Bg5 Bf3 26. Rxd7 Rxd7 27. Qxd7 Bxd1 28. Qxd1 Qxc4) 25. Rd3 $1 $16 (25. Bg5 $2 Bxd4 26. Bxd8 Bxd5 (26... Qxc4 27. Qxd4 Rxd5 28. Qxc4 $14) 27. cxd5 (27. Qxd4 $2 Be6 $19) 27... Rxd5 (27... Qxd5 $2 28. Bg5 $19) 28. Qxd4 Rxd4 29. Rxd4 Qc1+ 30. Kh2 Qxb2 $19) 25... Bxd5 (25... gxh6 $2 26. Nf6+ Kf8 27. Nxd7+ $18 (27. Qxh6+ Kf7 $18)) 26. Bg5 Bb4 (26... Bxf2+ $2 27. Kxf2 Bxg2 28. Bxd8 $18) (26... Re8 $16 27. cxd5 (27. Rxd5 Rxd5 28. Qxd5+ Qxd5 $14) 27... Qa4) 27. cxd5 $18 (27. Qxb4 $6 Be4 28. Rxd7 Rxd7 29. Rxd7 Qxd7 $16) 27... Bxd2 28. dxc6 Rxd3 29. Bxd8 Rxd8 30. cxb7 Rb8 31. Rxd2 Rxb7 32. Rc2 a5 33. Kh2 a4 34. Kg3 g6 35. a3 Kf7 36. Kf4 Kf6 $2 (36... c5 {is a better defense.} 37. f3 (37. Rxc5 Rxb2 38. Rc7+ Kf6 $14) 37... Kf6) 37. f3 $18 (37. Rc6+ Kf7 $14) 37... c5 38. Rxc5 Rxb2 39. Rc6+ Kf7 40. g4 $1 Rb3 41. Rc7+ (41. gxf5 gxf5 42. Rh6 Rxa3 $11) 41... Kf8 42. Ra7 (42. gxf5 gxf5 43. Ra7 (43. Kxf5 Rxf3+ 44. Kg6 Rg3+ 45. Kh6 Rxa3 $11) 43... Rxa3 $11) 42... Rxa3 (42... fxg4 $142 43. fxg4 Rb5 44. Rxa4 g5+ 45. hxg5 Rb7) 43. g5 $18 (43. gxf5 gxf5 44. Rc7 (44. Kxf5 Rxf3+ 45. Kg6 a3 $11) (44. h5 Kg8 $11) 44... Kg8 $11) 43... Rb3 44. Rxa4 Rb5 45. Ra7 $2 (45. Ra8+ $18 Kg7 46. Ra7+ Kg8 47. h5 Rb4+ 48. Ke5 Rb5+ 49. Ke6 Rb6+ 50. Kd5) 45... Rb4+ $16 46. Ke5 Rb5+ 47. Ke6 Rb6+ {[%emt 0:07:33] [#]} 48. Kd5 $1 Rb5+ {[%emt 0:00:32] [#]} 49. Kc4 $1 Rb1 50. Rd7 (50. Ra6 $16 Kf7 51. Kd4) 50... Rh1 51. Kd5 Rxh4 52. Ke5 Ra4 53. Ke6 Ra3 54. f4 Ra4 55. Kf6 Ra6+ 56. Ke5 Ra4 57. Rd4 Rxd4 58. Kxd4 Ke8 $1 59. Kc4 (59. Ke5 $5 Ke7 $8 60. Kd4 $11) 59... Kd8 60. Kd5 Kd7 $1 61. Ke5 Ke7 62. Kd5 Kd7 $1 63. Ke5 Ke7 1/2-1/2

[Event "Chinese League Division-A 2024"]
[Site "Fuling Chongqing"]
[Date "2024.07.04"]
[Round "8.16"]
[White "Xu, Yi"]
[Black "Bu, Xiangzhi"]
[Result "1/2-1/2"]
[ECO "B42"]
[WhiteElo "2496"]
[BlackElo "2689"]
[Annotator "TA"]
[PlyCount "80"]
[EventDate "2024.06.28"]
[EventType "team-tourn"]
[EventCountry "CHN"]
[SourceTitle "playchess.com"]
[Source "ChessBase"]
[SourceQuality "1"]
[TimeControl "40/5400+30:1800+30"]

1. e4 c5 2. Nf3 e6 3. d4 cxd4 4. Nxd4 a6 5. Bd3 Bc5 6. Nb3 Ba7 7. Qe2 Ne7 8. Be3 O-O 9. O-O Nbc6 {[%emt 0:00:39] White is slightly better.} 10. Bxa7 Rxa7 11. c4 d5 12. exd5 exd5 13. Nc3 {[%emt 0:01:31] Threatening cxd5.} (13. Rd1 $5) 13... dxc4 14. Bxc4 b5 15. Rad1 Qc7 16. Bd3 Ne5 17. Be4 Ng4 {[%emt 0:16:25][%csl Gg4][%cal Rc7h2] [#]} 18. g3 {[%emt 0:00:48] Active counter play!} Nf6 19. Bf3 Be6 {[%emt 0:02:19] Strongly threatening ...Bc4.} 20. Rfe1 Bc4 21. Qe3 h6 22. Qe5 (22. Nc5 {feels hotter.} Nf5 23. Qe5 b4 24. b3) 22... Rc8 23. Qxc7 Raxc7 {[%emt 0:00:09] The position is equal.} 24. Na5 Be6 25. a3 b4 26. axb4 Rb8 27. Rd4 Nf5 28. Rd2 Rxb4 29. Nc6 Rb6 30. Ne5 Nd6 31. Na4 Rb4 32. Rxd6 Rxa4 33. Nc6 Rd7 34. Rxd7 Bxd7 35. Ne7+ Kf8 36. Nd5 {[%emt 0:00:49] Inhibits Rb4.} Ra2 37. Nb4 Rxb2 38. Nxa6 Bg4 39. Bg2 Bc8 40. Nc5 g5 {[%emt 0:00:00] Weighted Error Value: White=0.06 (flawless) /Black=0.07 (flawless) .  Inaccurate:     	White=2     	Black=1      OK:         	White=16    	Black=12     Best:        	White=1     	Black=2} 1/2-1/2

[Event "Chinese League Division-A 2024"]
[Site "Fuling Chongqing"]
[Date "2024.07.04"]
[Round "8.17"]
[White "Zeng, Chongsheng"]
[Black "Lou, Yiping"]
[Result "1/2-1/2"]
[ECO "E48"]
[WhiteElo "2578"]
[BlackElo "2442"]
[Annotator "TA"]
[PlyCount "59"]
[EventDate "2024.06.28"]
[EventType "team-tourn"]
[EventCountry "CHN"]
[SourceTitle "playchess.com"]
[Source "ChessBase"]
[SourceQuality "1"]
[TimeControl "40/5400+30:1800+30"]

1. d4 Nf6 2. c4 e6 3. Nc3 Bb4 4. e3 O-O 5. Bd3 d5 6. cxd5 exd5 7. Nge2 Re8 8. O-O Bd6 9. Qc2 a6 10. Bd2 Nbd7 11. Rad1 b6 (11... c5 $15) 12. f3 ({White should try} 12. Nxd5 $11 Nxd5 13. Qc6 Nxe3 (13... Qh4 14. g3 $14) 14. fxe3) 12... c5 $15 13. g4 c4 14. Bf5 g6 15. Bxd7 Bxd7 16. Nf4 Bc6 17. Nce2 Nd7 18. Ng3 (18. Nc3 $142) 18... Nf8 (18... b5 $17 19. Bc1 Qc7) 19. e4 dxe4 (19... Rc8 $15) 20. Nxe4 Rxe4 21. fxe4 {[%emt 0:00:13] h3 would now be deadly.} Qh4 22. d5 $1 Bd7 {[%emt 0:02:08] This pair of bishops is nice.} 23. h3 (23. Qxc4 $2 {loses.} g5 (23... Bb5 24. Qc3 $11) 24. Qc3 gxf4 25. Bxf4 Bc5+ (25... Qxg4+ 26. Kh1 $11) 26. Kh1 Ng6 $19) (23. Qc3 $14) 23... Bxg4 $11 {[%emt 0:08:50] The position is equal.} 24. hxg4 Qg3+ 25. Kh1 {[%emt 0:00:33] [#] Strongly threatening Qc3.} Qh4+ $1 26. Kg2 {[%emt 0:03:42] Be1 is the strong threat.} Qxg4+ 27. Kh1 Qh4+ $1 28. Kg2 {[%emt 0:00:03] Hoping for Qc3.} Qg4+ 29. Kh1 {[%emt 0:00:04] [#] And now Qc3 would win.} Qh4+ $1 30. Kg2 {[%emt 0:00:05] Weighted Error Value: White=0.16 (very precise) /Black=0.12 (very precise) .  Mistake:       	White=3     	Black=3      Inaccurate:     	White=3     	Black=1      OK:         	White=5     	Black=5      Best:        	White=1     	Black=3      Strong:       	White=1     	Black=3} 1/2-1/2

[Event "Chinese League Division-A 2024"]
[Site "Fuling Chongqing"]
[Date "2024.07.04"]
[Round "8.18"]
[White "Meng, Yihan"]
[Black "Liu, Yan"]
[Result "1/2-1/2"]
[ECO "B51"]
[WhiteElo "2268"]
[BlackElo "2573"]
[Annotator "TA"]
[PlyCount "80"]
[EventDate "2024.06.28"]
[EventType "team-tourn"]
[EventCountry "CHN"]
[SourceTitle "playchess.com"]
[Source "ChessBase"]
[SourceQuality "1"]
[TimeControl "40/5400+30:1800+30"]

1. e4 c5 2. Nf3 d6 3. Bb5+ Nd7 4. a4 a6 5. Be2 Ngf6 6. Nc3 g6 7. a5 Bg7 8. O-O {[%emt 0:00:13] White is slightly better.} O-O 9. d3 b5 10. axb6 Nxb6 11. e5 Nfd5 12. Nxd5 Nxd5 13. exd6 Qxd6 14. Nd2 Qc7 15. Bf3 Bb7 16. Nc4 {[%emt 0:00:10] [#] And now Na5 would win.} a5 17. c3 e6 {[%emt 0:18:39] The position is equal.} 18. Re1 Ra6 19. Bg5 Rfa8 20. Qd2 a4 21. Ra3 R8a7 22. Bh6 Nb6 {[%emt 0:04:11] ...Nxc4 would now be deadly.} 23. Bf4 Qd8 24. Qe2 Bxf3 25. Qxf3 Nxc4 26. dxc4 h5 27. Rea1 Qb6 28. Qe2 Kh7 29. h3 Bh6 30. Bxh6 Kxh6 31. Qc2 Kg7 32. h4 Qb8 33. g3 Rb6 34. Rxa4 Rxa4 35. Rxa4 Rxb2 $11 {[%emt 0:00:05] KQR-KQR} 36. Qe4 Qd6 {[%emt 0:01:39] [#] ...Qd1+ is the strong threat.} 37. Ra7 Rb8 38. Qf3 Rf8 39. Qe4 Rc8 40. Qb7 Rf8 {[%emt 0:00:00] Weighted Error Value: White=0.04 (flawless) /Black=0.03 (flawless) .  Inaccurate:     	---       	Black=2      OK:         	White=16    	Black=14     Best:        	White=1     	---} 1/2-1/2

[Event "Chinese League Division-A 2024"]
[Site "Fuling Chongqing"]
[Date "2024.07.04"]
[Round "8.19"]
[White "Huang, Qian"]
[Black "Zhang, Xiaowen"]
[Result "1/2-1/2"]
[ECO "A07"]
[WhiteElo "2396"]
[BlackElo "2261"]
[Annotator "TA"]
[PlyCount "61"]
[EventDate "2024.06.28"]
[EventType "team-tourn"]
[EventCountry "CHN"]
[SourceTitle "playchess.com"]
[Source "ChessBase"]
[SourceQuality "1"]
[TimeControl "40/5400+30:1800+30"]

1. Nf3 Nf6 2. g3 d5 3. Bg2 g6 4. O-O Bg7 5. d3 O-O 6. Nbd2 Nc6 7. e4 dxe4 8. dxe4 e5 9. c3 a5 10. Qc2 Qe7 11. a4 b6 12. b3 {[%emt 0:00:57] White has an edge.} Rd8 {[%emt 0:02:57] The position is equal.} 13. Ba3 Qe8 14. Rfd1 Ba6 15. Nf1 Rxd1 16. Rxd1 Rd8 17. Ne3 Rxd1+ 18. Nxd1 Qd7 19. Ne1 {Repels Bd3} Bh6 20. Bf1 Bxf1 21. Kxf1 Qd2 22. Qxd2 Bxd2 23. f3 Nd7 24. Ke2 Bxe1 25. Kxe1 $11 {[%mdl 4096] Endgame. KBN-KNN} f6 26. Ne3 {Nd5 is the strong threat.} Nd8 27. Nd5 Ne6 28. Ke2 Kf7 29. Kd3 c6 30. Ne3 Nec5+ 31. Kc2 {[%emt 0:01:07] Not much happened in this game.   Weighted Error Value: White=0.03 (flawless) /Black=0.03 (flawless) .  Inaccurate:     	White=1     	Black=1      OK:         	White=8     	Black=13} 1/2-1/2

[Event "Chinese League Division-A 2024"]
[Site "Fuling Chongqing"]
[Date "2024.07.04"]
[Round "8.20"]
[White "Ju, Wenjun"]
[Black "Wang, Chuqiao"]
[Result "1-0"]
[ECO "D35"]
[WhiteElo "2558"]
[BlackElo "2278"]
[Annotator "TA"]
[PlyCount "67"]
[EventDate "2024.06.28"]
[EventType "team-tourn"]
[EventCountry "CHN"]
[SourceTitle "playchess.com"]
[Source "ChessBase"]
[SourceQuality "1"]
[TimeControl "40/5400+30:1800+30"]

1. d4 Nf6 2. c4 e6 3. Nc3 d5 4. cxd5 exd5 5. Bg5 c6 6. e3 h6 7. Bh4 Be7 8. Bd3 O-O 9. Nge2 Ne8 10. Bg3 Nd6 11. Qc2 {[%emt 0:00:38] White is slightly better.} Re8 12. O-O Bf8 13. Rae1 a5 14. Nf4 Na6 15. a3 {[%emt 0:00:44] Against Nb4} Nc7 16. f3 Qf6 17. Qf2 {[%emt 0:10:00] Strongly threatening Bh4.} Ne6 18. Nxe6 $1 Rxe6 {[%emt 0:14:38] [#]} (18... Bxe6 $14 19. Bh4 g5) 19. Bh4 $1 $16 {[%emt 0:25:31] White is more active.} g5 20. Bg3 Bg7 21. f4 gxf4 $2 {[%emt 0:06:53] Black cannot hold the game after this.} (21... Re8 $16 22. fxg5 Qxf2+ 23. Rxf2 Nc4) 22. Bh4 $18 ({Not} 22. Bxf4 b5 $16) ({Stronger than} 22. Qxf4 Qxf4 23. Bxf4 b5 $11) 22... fxe3 23. Qxf6 Bxf6 24. Rxf6 b5 25. Rxe6 Bxe6 26. Rxe3 Nf5 27. Bxf5 Bxf5 28. Be7 Rb8 29. Kf2 b4 30. axb4 axb4 31. Ne2 Be4 32. Rb3 Re8 33. Bxb4 Rb8 34. Rg3+ {[%emt 0:00:08] Weighted Error Value: White=0.09 (flawless) /Black=0.29 (precise) .  Loses game:     	---       	Black=1      Mistake:       	---       	Black=1      Inaccurate:     	White=1     	Black=4      OK:         	White=13    	Black=4      Best:        	White=1     	Black=2      Strong:       	White=2     	---} 1-0

[Event "Chinese League Division-A 2024"]
[Site "Fuling Chongqing"]
[Date "2024.07.04"]
[Round "8.21"]
[White "Huang, Renjie"]
[Black "Chen, Yuan"]
[Result "1/2-1/2"]
[ECO "C10"]
[WhiteElo "2480"]
[BlackElo "2294"]
[Annotator "TA"]
[PlyCount "272"]
[EventDate "2024.06.28"]
[EventType "team-tourn"]
[EventCountry "CHN"]
[SourceTitle "playchess.com"]
[Source "ChessBase"]
[SourceQuality "1"]
[TimeControl "40/5400+30:1800+30"]

1. e4 e6 2. d4 d5 3. Nd2 dxe4 4. Nxe4 Nd7 5. Nf3 Ngf6 6. Bd3 Nxe4 7. Bxe4 Nf6 8. Bd3 c5 9. O-O cxd4 10. Nxd4 Bc5 11. Nb3 Be7 12. Bf4 O-O {[%emt 0:01:24] C10: French with 3 Nc3: Unusual Black 3rd moves and 3...dxe4.} 13. Qe2 Nd5 14. Be5 $146 ({Predecessor:} 14. Bg3 Bf6 15. Rad1 Qe7 16. c4 Nb4 17. Bd6 {1-0 Norris,A (2285)-Paul,R (2155) Largs Premier op 1997 (3)}) 14... Bd6 15. c4 Bxe5 16. Qxe5 Qc7 17. Bxh7+ Kxh7 18. Qh5+ Kg8 19. cxd5 exd5 20. Qxd5 Be6 21. Qg5 Bxb3 22. axb3 Rfe8 23. Rfe1 Qb6 24. Qg3 Qd4 25. Qc3 Rxe1+ 26. Rxe1 Rd8 27. g3 Qxc3 28. bxc3 Kf8 29. Re5 b6 30. Re4 Rd1+ 31. Kg2 Rb1 32. Rb4 a5 33. Rb5 Rc1 34. Rxb6 Rxc3 35. Rb5 g6 36. h4 Kg7 37. Kh3 Rd3 38. f4 Rc3 39. Kg4 Rd3 40. h5 gxh5+ 41. Kh4 Rc3 42. Rxa5 Rxb3 43. Rg5+ Kf6 44. Kxh5 Rb8 45. Kg4 Rb3 46. Rg8 Rb1 47. Ra8 Rb6 48. Kh4 Kg7 49. Ra5 Rb4 50. Kh5 Rb1 51. g4 Rh1+ 52. Kg5 Rb1 53. Kf5 Rb6 54. Rd5 Re6 55. Kg5 Ra6 56. Kh4 Ra1 57. Rd6 Ra5 58. g5 Ra1 59. Kg4 Ra4 60. Rd5 Rb4 61. Ra5 Rc4 62. Kf5 Rc1 63. Ra7 Rc5+ 64. Ke4 Rc4+ 65. Ke5 Rc5+ 66. Kd4 Rb5 67. Rd7 Rb4+ 68. Ke5 Rb5+ 69. Ke4 Rb4+ 70. Kf5 Rb5+ 71. Kg4 Rb4 72. Re7 Ra4 73. Kf5 Ra5+ 74. Re5 Ra4 75. Re4 Ra5+ 76. Re5 Ra4 77. Rd5 Ra1 78. Rb5 Re1 79. Rb4 Re2 80. Kg4 Rg2+ 81. Kh4 Rf2 82. Kg3 Rf1 83. Kg2 Ra1 84. f5 Ra5 85. Rf4 Ra1 86. Rf3 Rb1 87. Kg3 Rb4 88. Rd3 Rb1 89. Kf4 Rf1+ 90. Rf3 Ra1 91. Kg4 Rg1+ 92. Rg3 Ra1 93. Rg2 Rh1 94. Rg3 Rf1 95. Rh3 Rg1+ 96. Kf4 Rf1+ 97. Rf3 Ra1 98. Rf2 Ra4+ 99. Kg3 Ra1 100. Rf3 Rg1+ 101. Kf4 Ra1 102. Rd3 Rf1+ 103. Kg4 Rg1+ 104. Kh4 Rh1+ 105. Rh3 Rf1 106. Kg4 Rg1+ 107. Kf4 Rf1+ 108. Rf3 Ra1 109. Rf2 Ra4+ 110. Kg3 Ra1 111. Kg2 Rb1 112. Rf4 Ra1 113. Rf1 Ra3 114. Rf2 Rb3 115. Rf3 Rb1 116. Rf4 Rb3 117. Kf2 Ra3 118. Rf3 Ra4 119. Kg3 Ra1 120. Kg4 Rg1+ 121. Rg3 Ra1 122. Rg2 Rb1 123. Rf2 Rg1+ 124. Kf4 Ra1 125. Kg3 Rg1+ 126. Rg2 Ra1 127. Kg4 Rb1 128. Rg3 Ra1 129. Rh3 Rg1+ 130. Kh4 Rf1 131. Kg4 Rg1+ 132. Kh5 f6 133. gxf6+ Kxf6 134. Rf3 Rg5+ 135. Kh4 Rxf5 136. Rxf5+ Kxf5 1/2-1/2

[Event "Chinese League Division-A 2024"]
[Site "Fuling Chongqing"]
[Date "2024.07.04"]
[Round "8.22"]
[White "Lu, Shanglei"]
[Black "Xiao, Tong"]
[Result "1/2-1/2"]
[ECO "B42"]
[WhiteElo "2606"]
[BlackElo "2518"]
[Annotator "TA"]
[PlyCount "138"]
[EventDate "2024.06.28"]
[EventType "team-tourn"]
[EventCountry "CHN"]
[SourceTitle "playchess.com"]
[Source "ChessBase"]
[SourceQuality "1"]
[TimeControl "40/5400+30:1800+30"]

1. e4 c5 2. Nf3 e6 3. d4 cxd4 4. Nxd4 a6 5. Bd3 Bc5 6. Nb3 Ba7 7. Qe2 Ne7 {[%emt 0:01:15] is the new trend. B42: Sicilian: Kan Variation: 5 Bd3.} 8. Be3 O-O 9. O-O Nbc6 10. f4 Ng6 11. Nc3 b5 12. e5 $146 ({Predecessor:} 12. Kh1 Re8 13. e5 d5 14. exd6 f5 15. Rad1 e5 16. Bxa7 Rxa7 17. fxe5 Rxe5 18. Qf2 {1-0 Lane,G (2430)-Wohlfahrt,H (2240) Liechtenstein op 11th 1993 (5)}) 12... d5 13. Bxa7 Rxa7 14. Qf2 f6 15. Nd4 Rc7 16. Nxc6 Rxc6 17. Qd4 Rc7 18. Ne2 Rcf7 19. Qe3 Qc7 20. c3 Bd7 21. Rae1 Ne7 22. Nd4 Nc6 23. exf6 Rxf6 24. g3 Qd6 25. Nxc6 Bxc6 26. Qd4 Be8 27. Re5 Bg6 28. Bxg6 Rxg6 29. Rfe1 Rgf6 30. a3 (30. Qe3 {feels hotter.} Kf7 31. Kg2 Rc8 32. g4) 30... Qc6 31. h4 (31. Qe3 {is more complex.} Kf7 32. h4 h6 33. Kf2) 31... h6 32. h5 Qd6 33. Kg2 (33. Qe3 {keeps more tension.} Kf7 34. Kg2 Qc6 35. Qd4) 33... Rc8 34. Qe3 a5 (34... Rc6 $14) 35. Rxe6 $16 Rxe6 36. Qxe6+ Qxe6 37. Rxe6 b4 38. cxb4 axb4 39. Re2 bxa3 40. bxa3 d4 41. Kf2 d3 42. Re4 Rc3 43. a4 d2 44. Ke2 (44. Rd4 {simplifies} Ra3 45. Rxd2 Rxa4 46. Rd7) 44... Rxg3 45. a5 ({Better is} 45. Kxd2 $16 {Hoping for Re3.} Ra3 46. Kc2) 45... Ra3 $11 46. Re8+ (46. Kxd2 Rxa5 47. Re5 Ra1 $15) 46... Kh7 47. Ra8 (47. Kxd2 Rxa5 48. Re5 Ra8 $11) 47... Ra4 48. Kxd2 Rxf4 49. Kc3 Rh4 50. Rc8 Rxh5 51. Kb4 (51. a6 $5 Ra5 $8 52. Rc6 $11) 51... Rh1 52. Rc3 Rb1+ 53. Rb3 Ra1 54. Ra3 Rb1+ (54... Rxa3 55. Kxa3 Kg6 56. a6 Kf5 57. a7 Kf4 58. a8=Q (58. a8=R h5 $11) 58... g5 59. Qf8+ Ke4 60. Qxh6) 55. Ka4 h5 56. a6 Rb8 57. a7 Ra8 58. Kb5 h4 59. Kb6 g5 60. Kb7 Rxa7+ 61. Rxa7 Kg6 62. Kc6 Kf5 63. Kd5 h3 64. Rf7+ Kg4 65. Ke4 h2 66. Rh7 Kg3 67. Kf5 Kg2 68. Kxg5 h1=Q 69. Rxh1 Kxh1 1/2-1/2

[Event "Chinese League Division-A 2024"]
[Site "Fuling Chongqing"]
[Date "2024.07.04"]
[Round "8.23"]
[White "Liu, Qingnan"]
[Black "Chen, Zhi"]
[Result "1/2-1/2"]
[ECO "D37"]
[WhiteElo "2540"]
[BlackElo "2164"]
[Annotator "TA"]
[PlyCount "137"]
[EventDate "2024.06.28"]
[EventType "team-tourn"]
[EventCountry "CHN"]
[SourceTitle "playchess.com"]
[Source "ChessBase"]
[SourceQuality "1"]
[TimeControl "40/5400+30:1800+30"]

1. d4 d5 2. c4 e6 3. Nf3 Nf6 4. Nc3 Be7 5. Bf4 O-O 6. e3 c5 7. dxc5 Bxc5 8. a3 a6 9. Qc2 {[%emt 0:02:25] D37: Queen's Gambit Declined: 5 Bf4.} dxc4 10. Rd1 Nbd7 11. Bxc4 b5 12. Bd3 Bb7 13. Ne5 h6 14. Bh7+ Kh8 15. Be4 Qc8 16. Nxd7 Nxd7 17. Bxb7 $146 ({Predecessor:} 17. O-O Nf6 18. Bxb7 Qxb7 19. Bd6 Bxd6 20. Rxd6 Rfd8 21. Qd3 Rxd6 22. Qxd6 Rc8 23. Rd1 {½-½ Pelletier,Y (2588)-Djingarova,E (2235) Basel op 2015 (4)}) 17... Qxb7 18. Qe4 Ra7 19. Qxb7 Rxb7 20. Ne4 Be7 21. Bd6 Bxd6 22. Rxd6 Rc8 23. O-O Ra7 24. f4 Rc4 25. Nf2 Nf6 26. Rfd1 Nd5 27. Rd3 Rc1+ (27... Rc2 $15 28. Nd1 g6) 28. Nd1 $11 Rc2 29. f5 Nf6 30. fxe6 fxe6 31. Rxe6 Rac7 32. Red6 (32. Rxa6 $5 Re2 33. Kf1 $11) 32... Ne4 33. Rxa6 Re2 (33... Rf7 $11 34. h4 Kh7) 34. Kf1 $1 $14 Rcc2 35. Rd4 Nf6 (35... Nf2 $1 $14) 36. Rc6 $1 $16 Rxg2 37. Rxc2 Rxc2 38. h3 Nh5 39. Rb4 Ng3+ 40. Kg1 Ne2+ 41. Kf2 $1 Nf4+ (41... Nc3+ $16 42. Ke1 Nxd1 43. Kxd1 Rh2) 42. Kf3 $1 $18 Nxh3 43. Rxb5 (43. Kg3 $1 $18 Ng1 44. Rxb5) 43... Ng5+ $16 44. Kf4 $1 Rd2 45. Nc3 $1 Rf2+ 46. Ke5 (46. Kg3 $16 Rf3+ 47. Kg2 Rxe3 48. Nd5 Re2+ 49. Kg3) 46... Kh7 $2 {[%emt 0:02:34] [#]} ({Black should try} 46... h5 $1 $14) 47. a4 $1 $18 h5 48. Ne4 $2 ({Better is} 48. Kd6 $18 Nf7+ 49. Kc7) 48... Nxe4 $11 49. Kxe4 Kg6 50. Rb6+ Kg5 51. Rb7 Kg6 52. Rb6+ Kg5 53. Rb8 h4 54. b4 h3 55. Rh8 Ra2 56. a5 Kg4 57. Kd3 $2 {[%emt 0:02:25][%mdl 8192] [#]} (57. Kd5 $11 {and White stays safe.}) 57... g5 $2 ({Black should play} 57... h2 $1 $19 58. Kc4 Kg3) 58. Kc4 $11 Kg3 59. Kb3 $1 Ra1 60. Kb2 Ra4 61. Kb3 Ra1 62. Kb2 Ra4 63. Kb3 Ra1 64. Kb2 Ra4 65. Kb3 Ra1 66. Kb2 Ra4 67. Kb3 Ra1 68. Kb2 Ra4 69. Kb3 1/2-1/2

[Event "Chinese League Division-A 2024"]
[Site "Fuling Chongqing"]
[Date "2024.07.04"]
[Round "8.24"]
[White "Ding, Yixin"]
[Black "Zhang, Xiao"]
[Result "1-0"]
[ECO "C26"]
[WhiteElo "2397"]
[BlackElo "2193"]
[Annotator "RC"]
[PlyCount "137"]
[EventDate "2024.06.28"]
[EventType "team-tourn"]
[EventCountry "CHN"]
[SourceTitle "playchess.com"]
[Source "ChessBase"]
[SourceQuality "1"]
[TimeControl "40/5400+30:1800+30"]

1. e4 e5 2. Nf3 Nc6 3. g3 Nf6 4. d3 Bc5 5. Bg2 d6 6. Nc3 a5 7. h3 O-O 8. O-O Be6 9. Na4 Ba7 10. c4 Nd7 11. Nc3 h6 12. Be3 Bxe3 13. fxe3 f5 14. exf5 Bxf5 15. Nh4 Qg5 16. Nxf5 Rxf5 17. Rxf5 Qxf5 18. Qe2 Nc5 19. Rd1 Re8 20. Nd5 Qd7 21. Qh5 Rf8 22. d4 exd4 23. exd4 Ne6 24. Qg4 Rf7 25. Ne3 Ncd8 26. Nf5 Kh8 27. Rf1 Rf6 28. d5 Nc5 29. h4 Nd3 30. Kh2 Qf7 31. Bh3 Ne5 32. Qe2 Qf8 33. h5 Ndf7 34. Nh4 Rxf1 35. Qxf1 Qe8 36. Be6 Ng5 37. Qf5 Qd8 38. c5 b6 39. cxd6 cxd6 40. b3 Qe8 41. Kg2 Qd8 42. a4 Qe8 43. Ng6+ Nxg6 44. hxg6 Qe7 45. Kf2 Qe8 46. Ke3 Qe7 47. Kd4 Qd8 48. Kd3 Qe7 49. Bf7 Qc7 50. Qf4 Qe7 51. Qe3 Qd8 52. Kc4 Nxf7 53. gxf7 Qc7+ 54. Kb5 Qxf7 55. Kc6 Qf6 56. Qxb6 Qc3+ 57. Kxd6 Qxg3+ 58. Kd7 h5 59. d6 Qc3 60. Qc6 Qxb3 61. Kc7 Qg3 62. Qe8+ Kh7 63. Qxh5+ Kg8 64. Qd5+ Kf8 65. Kb7 Qh4 66. Kc8 Qxa4 67. d7 Qc2+ 68. Kb7 Qb2+ 69. Ka8 1-0

[Event "Chinese League Division-A 2024"]
[Site "Fuling Chongqing"]
[Date "2024.07.04"]
[Round "8.25"]
[White "Hu, Yu A."]
[Black "Bai, Xue"]
[Result "1-0"]
[ECO "C27"]
[WhiteElo "2127"]
[BlackElo "2114"]
[Annotator "RC"]
[PlyCount "41"]
[EventDate "2024.06.28"]
[EventType "team-tourn"]
[EventCountry "CHN"]
[SourceTitle "playchess.com"]
[Source "ChessBase"]
[SourceQuality "1"]
[TimeControl "40/5400+30:1800+30"]

1. e4 e5 2. Bc4 Nf6 3. d3 Bc5 4. Nc3 O-O 5. f4 d5 6. Nxd5 Ng4 7. f5 Nf2 8. Qh5 g6 9. fxg6 hxg6 10. Ne7+ Qxe7 11. Qxg6+ Kh8 12. Qh6+ Kg8 13. Bg5 Qd6 14. Bf6 Qxf6 15. Qxf6 Be6 16. Bxe6 fxe6 17. Qxe6+ Kh7 18. Nh3 Nc6 19. Nxf2 Bxf2+ 20. Kd2 Bd4 21. Raf1 1-0

[Event "Chinese League Division-A 2024"]
[Site "Fuling Chongqing"]
[Date "2024.07.04"]
[Round "8.26"]
[White "Xu, Yinglun"]
[Black "Wang, Hao"]
[Result "1/2-1/2"]
[ECO "D10"]
[WhiteElo "2526"]
[BlackElo "2702"]
[Annotator "TA"]
[PlyCount "64"]
[EventDate "2024.06.28"]
[EventType "team-tourn"]
[EventCountry "CHN"]
[SourceTitle "playchess.com"]
[Source "ChessBase"]
[SourceQuality "1"]
[TimeControl "40/5400+30:1800+30"]

1. d4 d5 2. c4 c6 3. cxd5 cxd5 4. Nc3 Nf6 5. Bf4 Nc6 6. e3 a6 7. Be2 e6 8. Nf3 Bd6 9. Ne5 Qc7 {[%emt 0:01:25][%cal Rc6e5] White has an edge.} 10. Rc1 Bd7 11. O-O Qb8 (11... Nxe5 12. Nb5 Bxb5 13. Rxc7 Bxe2 14. Qxe2 $16) 12. Nxd7 Nxd7 13. Bxd6 Qxd6 14. Na4 O-O 15. Qd2 Rfc8 16. a3 Ne7 17. Rxc8+ Rxc8 18. b4 a5 19. Nc5 $1 axb4 20. Nxb7 Qc7 21. Qxb4 Nc6 22. Qb5 Rb8 $1 23. Rc1 $1 Qxb7 24. Qxb7 Rxb7 25. Rxc6 $14 {[%emt 0:00:05][%mdl 4096] Endgame. And now a4 would win. KRB-KRN} Rb1+ 26. Bf1 {[%emt 0:00:08] Rc7 would now be deadly.} g5 27. Rc3 Ra1 {[%emt 0:00:10] The position is equal.} 28. f3 h5 29. Kf2 h4 30. g4 Ra2+ 31. Kg1 Ra1 32. Kf2 Ra2+ {[%emt 0:02:06] Weighted Error Value: White=0.04 (flawless) /Black=0.03 (flawless) .  Inaccurate:     	White=1     	Black=1      OK:         	White=10    	Black=15     Best:        	White=1     	Black=1      Strong:       	White=2     	Black=1} 1/2-1/2